 Dungeon Crawl Stone Soup version 0.22.1-1-ga44c0e5 (webtiles) character file.

3224 stormannn the Martial Artist (level 9, 0/68 HPs)
             Began as a Gnoll Transmuter on Oct 13, 2018.
             Was a Believer of Vehumet.
             Killed by divine providence
             ... invoked by an orc priest
              (10 damage)
             ... on level 8 of the Dungeon.
             The game lasted 00:18:24 (7454 turns).

stormannn the Martial Artist (Gnoll Transmuter)     Turns: 7454, Time: 00:18:25

Health: 0/68       AC:  2    Str: 13    XL:     9   Next: 98%
Magic:  19/19      EV: 27    Int: 17    God:    Vehumet [**....]
Gold:   292        SH:  0    Dex: 22    Spells: 14/21 levels left

rFire    . . .     SeeInvis .     - Unarmed
rCold    . . .     Gourm    .   (shield currently unavailable)
rNeg     + . .     Faith    .   (armour currently unavailable)
rPois    x         Spirit   .   (helmet currently unavailable)
rElec    .         Reflect  .   (cloak currently unavailable)
rCorr    .         Harm     .   (gloves currently unavailable)
MR       +....                  (boots currently unavailable)
Stlth    +++.......             (no amulet)
HPRegen  0.21/turn              t - ring of protection from magic
MPRegen  0.16/turn              D - ring of positive energy

@: spider-form (expiring)
A: tiny, distributed training, strong nose
a: End Transformation, Renounce Religion


You were on level 8 of the Dungeon.
You worshipped Vehumet.
Vehumet was pleased with you.
You were not hungry.
You were a venomous arachnid creature.
You visited 2 branches of the dungeon, and saw 9 of its levels.
You also visited: Ossuary.

You collected 292 gold pieces.

Inventory:

Missiles
 a - 68 arrows
 c - 256 stones (quivered)
Armour
 b - a +1 robe (melded)
 f - a +1 cloak (melded)
 k - a +0 pair of gloves (melded)
 o - a +0 helmet (melded)
 A - a +0 large shield
Jewellery
 t - a ring of protection from magic (left front leg)
 D - a ring of positive energy (right front leg)
Wands
 h - a wand of acid (7)
 q - a wand of polymorph (55)
 v - a wand of iceblast (38)
 y - a wand of flame (42)
Scrolls
 g - 3 scrolls of enchant weapon
 j - 4 scrolls of remove curse
 m - 8 scrolls of identify
 p - a scroll of amnesia
 r - a scroll of teleportation
 s - 3 scrolls of fear
Potions
 l - 3 potions of haste
 u - a potion of heal wounds
 w - a potion of mutation {unknown}
 z - 3 potions of ambrosia
 B - 2 potions of resistance {unknown}
 C - 4 potions of curing {unknown}
 E - 2 potions of lignification {unknown}
 F - a potion of berserk rage {unknown}
 H - a potion of invisibility {unknown}
 I - a potion of magic {unknown}
Comestibles
 d - 8 rations


   Skills:
 + Level 5.4 Fighting
 + Level 4.6 Short Blades
 + Level 4.6 Long Blades
 + Level 4.6 Axes
 + Level 4.6 Maces & Flails
 + Level 4.6 Polearms
 + Level 4.6 Staves
 + Level 4.6 Slings
 + Level 4.6 Bows
 + Level 4.6 Crossbows
 + Level 4.6 Throwing
 + Level 4.6 Armour
 + Level 6.6 Dodging
 + Level 4.6 Stealth
 + Level 4.6 Shields
 + Level 8.1 Unarmed Combat
 + Level 6.9 Spellcasting
 + Level 3.8 Conjurations
 + Level 3.8 Hexes
 + Level 3.8 Charms
 + Level 3.8 Summonings
 + Level 3.8 Necromancy
 + Level 3.8 Translocations
 + Level 5.5 Transmutations
 + Level 3.8 Fire Magic
 + Level 3.8 Ice Magic
 + Level 3.8 Air Magic
 + Level 3.8 Earth Magic
 + Level 3.8 Poison Magic
 + Level 5.1 Invocations
 + Level 4.6 Evocations


You had 14 spell levels left.
You knew the following spells:

 Your Spells              Type           Power        Failure   Level  Hunger
a - Beastly Appendage     Tmut           ###...       6%          1    None
b - Sticks to Snakes      Tmut           ###.....     8%          2    None
c - Spider Form           Tmut/Pois      ###.......   14%         3    ##.....
d - Shock                 Conj/Air       ###.         9%          1    None

Your spell library contained the following spells:

 Spells                   Type           Power        Failure   Level  Hunger
 Searing Ray              Conj           ###...       12%         2    None
 Ice Form                 Ice/Tmut       ###.....     36%         4    ####...
 Blade Hands              Tmut           ###.......   56%         5    #####..


Dungeon Overview and Level Annotations

Branches:
Dungeon (8/15)             Temple (1/1) D:4
   Lair: D:8-11

Altars:
Ashenzari
Cheibriados
Dithmenos
Elyvilon
Fedhas
Gozag
Hepliaklqana
Kikubaaqudgha
Makhleb
Nemelex Xobeh
Okawaru
Qazlal
Ru
Sif Muna
Trog
Uskayaw
Vehumet
Wu Jian
Xom
Yredelemnul
Zin
The Shining One

Shops:
D:5 }

Annotations:
D:8 Joseph


Innate Abilities, Weirdness & Mutations

Your experience applies equally to all skills.
((You have very sharp teeth.))
Your uncanny sense of smell can sniff out nearby items.


Message History

Joseph is moderately wounded.
The orc priest shouts!
You hit Joseph.
Joseph looks as sick as possible!
Joseph is moderately wounded.
Joseph misses you.
The orc priest calls down the wrath of Beogh upon you.
Beogh smites you!
You are too injured to fight recklessly!
Joseph unwields an uncursed quarterstaff.
Joseph wields an uncursed hunting sling.
Joseph shoots a sling bullet.
The sling bullet completely misses you.
Joseph shoots a sling bullet.
The sling bullet completely misses you.
Unknown command.
Joseph shoots a sling bullet.
The sling bullet barely misses you.
There is a stone staircase leading up here.
Joseph shoots a sling bullet.
The sling bullet hits you!
* * * LOW HITPOINT WARNING * * *
The orc priest mumbles some strange prayers to Beogh against you.
Beogh smites you!
You die...

##..#.#..
.......o.
....@(..#
.......o#
#@# #)#
#.# #.#
#s#
#......(#
......###
####.# #.
( #


You could see Joseph, an orc priest and an orc.

Vanquished Creatures
  A kobold demonologist (D:7)
  A hornet (D:7)
  Grinder (D:5)
  Edmund (D:4)
  3 sky beasts (D:5)
  3 ogres
  A phantom (D:5)
  A centaur (D:7)
  A bullfrog (D:6)
  A gnoll sergeant (D:7)
  A water moccasin zombie (Ossuary)
  A wyvern zombie (Ossuary)
  5 crimson imps
  A centaur zombie (Ossuary)
  3 bullfrog zombies (Ossuary)
  2 hounds
  3 jellies
  4 orc priests
  4 orc wizards
  3 bullfrog skeletons
  Ijyb (D:5)
  Terence (D:3)
  A worker ant (D:6)
  2 iguanas (D:6)
  Natasha (thrice) (D:3)
  A killer bee zombie (Ossuary)
  14 mummies
  4 worker ant zombies
  5 gnolls (D:7)
  2 howler monkey skeletons (D:7)
  5 adders
  A shadow imp (D:7)
  2 oozes
  2 adder zombies
  An adder skeleton (D:5)
  2 dart slugs
  3 leopard geckos
  20 orcs
  8 bats
  2 giant cockroaches
  4 goblins
  6 hobgoblins (D:1)
  7 jackals
  5 quokkas
  A ball python (D:1)
  2 frilled lizards
  A giant cockroach zombie (Ossuary)
  2 goblin zombies (D:8)
  A jackal skeleton (D:5)
  A jackal zombie (Ossuary)
  8 kobolds
  A leopard gecko zombie (D:1)
  A quokka zombie (Ossuary)
  7 rats
168 creatures vanquished.

Vanquished Creatures (others)
  2 withered plants (Ossuary)
2 creatures vanquished.

Grand Total: 170 creatures vanquished

Notes
Turn   | Place    | Note
-------+----------+-------------------------------------------
     0 | D:1      | stormannn the Gnoll Transmuter began the quest for the Orb.
     0 | D:1      | Reached XP level 1. HP: 17/17 MP: 6/6
   196 | D:1      | Reached XP level 2. HP: 23/23 MP: 5/7
   409 | D:1      | Reached XP level 3. HP: 27/28 MP: 9/9
   414 | D:1      | Reached skill level 5 in Spellcasting
   854 | D:1      | Learned a level 2 spell: Sticks to Snakes
   858 | D:1      | Learned a level 3 spell: Spider Form
  1100 | D:2      | Reached skill level 1 in Invocations
  1272 | D:2      | Found an opulent altar of Gozag.
  1278 | D:2      | Reached skill level 1 in Short Blades
  1278 | D:2      | Reached skill level 1 in Long Blades
  1278 | D:2      | Reached skill level 1 in Axes
  1278 | D:2      | Reached skill level 1 in Maces & Flails
  1278 | D:2      | Reached skill level 1 in Polearms
  1278 | D:2      | Reached skill level 1 in Staves
  1278 | D:2      | Reached skill level 1 in Slings
  1278 | D:2      | Reached skill level 1 in Bows
  1278 | D:2      | Reached skill level 1 in Crossbows
  1278 | D:2      | Reached skill level 1 in Throwing
  1278 | D:2      | Reached skill level 1 in Armour
  1278 | D:2      | Reached skill level 1 in Stealth
  1278 | D:2      | Reached skill level 1 in Shields
  1278 | D:2      | Reached skill level 1 in Evocations
  1347 | D:2      | Reached XP level 4. HP: 34/34 MP: 9/11
  1589 | D:2      | Found a blossoming altar of Fedhas.
  1730 | D:3      | Noticed Terence
  1741 | D:3      | Killed Terence
  1741 | D:3      | Reached skill level 1 in Conjurations
  1741 | D:3      | Reached skill level 1 in Hexes
  1741 | D:3      | Reached skill level 1 in Charms
  1741 | D:3      | Reached skill level 1 in Summonings
  1741 | D:3      | Reached skill level 1 in Necromancy
  1741 | D:3      | Reached skill level 1 in Translocations
  1741 | D:3      | Reached skill level 1 in Fire Magic
  1741 | D:3      | Reached skill level 1 in Ice Magic
  1741 | D:3      | Reached skill level 1 in Air Magic
  1741 | D:3      | Reached skill level 1 in Earth Magic
  1741 | D:3      | Reached skill level 1 in Poison Magic
  1964 | D:3      | Noticed Natasha
  2050 | D:3      | Reached XP level 5. HP: 38/40 MP: 8/12
  2113 | D:3      | Found a shimmering altar of Xom.
  2179 | D:3      | Killed Natasha
  2633 | D:3      | Noticed Natasha
  2641 | D:3      | Killed Natasha
  2641 | D:3      | Reached XP level 6. HP: 44/47 MP: 10/13
  2822 | D:3      | Noticed Natasha
  2827 | D:3      | Killed Natasha
  3048 | D:4      | Reached skill level 5 in Dodging
  3096 | D:4      | Noticed Edmund
  3109 | D:4      | Killed Edmund
  3171 | D:4      | Reached XP level 7. HP: 45/52 MP: 15/15
  3336 | D:4      | Found a staircase to the Ecumenical Temple.
  3384 | Temple   | Entered the Ecumenical Temple
  3581 | Temple   | Became a worshipper of Vehumet
  3641 | D:5      | Entered Level 5 of the Dungeon
  3751 | D:5      | Reached skill level 7 in Unarmed Combat
  4247 | D:5      | Found a stormy altar of Qazlal.
  4327 | D:5      | Reached XP level 8. HP: 37/60 MP: 13/16
  4516 | D:5      | Reached * piety under Vehumet
  4516 | D:5      | Offered knowledge of Shock by Vehumet.
  4725 | D:5      | Learned a level 1 spell: Shock
  4752 | D:5      | Found a glowing golden altar of the Shining One.
  4766 | D:5      | Noticed Ijyb
  4778 | D:5      | Killed Ijyb
  4841 | D:5      | Found Sirghe Soisi's Gadget Shop.
  4849 | D:5      | Noticed Grinder
  4866 | D:5      | Killed Grinder
  5169 | D:5      | Found a bloodstained altar of Trog.
  5303 | D:6      | Found a snail-covered altar of Cheibriados.
  5304 | D:6      | Found a glowing silver altar of Zin.
  5652 | D:6      | Found a white marble altar of Elyvilon.
  5653 | D:6      | Found a shadowy altar of Dithmenos.
  5726 | D:6      | Found a shattered altar of Ashenzari.
  5740 | D:6      | Reached XP level 9. HP: 60/66 MP: 18/18
  6029 | D:7      | Noticed a kobold demonologist
  6035 | D:7      | Noticed a red devil
  6037 | D:7      | Killed a kobold demonologist
  6037 | D:7      | Reached skill level 5 in Transmutations
  6112 | D:7      | Offered knowledge of Searing Ray by Vehumet.
  6119 | D:7      | Reached ** piety under Vehumet
  6357 | D:7      | Reached skill level 5 in Fighting
  6386 | D:7      | Found a hazy altar of Hepliaklqana.
  6438 | D:7      | Found an ancient bone altar of Kikubaaqudgha.
  6505 | D:7      | Noticed a hornet
  6521 | D:7      | Killed a hornet
  6644 | D:8      | Found a sand-covered staircase.
  6651 | Ossuary  | Entered an ossuary
  6662 | Ossuary  | Reached skill level 8 in Unarmed Combat
  6902 | Ossuary  | Reached skill level 5 in Invocations
  7240 | D:8      | Noticed an ogre mage
  7435 | D:8      | Noticed Joseph
  7454 | D:8      | Killed from afar by an orc priest

Skill      XL: |  1  2  3  4  5  6  7  8  9 |
---------------+----------------------------+-----
Spellcasting   | 5 6 |  6.9
Invocations    | 1 2 3 4 5 |  5.1
Short Blades   | 1 2 3 4 |  4.6
Long Blades    | 1 2 3 4 |  4.6
Axes           | 1 2 3 4 |  4.6
Maces & Flails | 1 2 3 4 |  4.6
Polearms       | 1 2 3 4 |  4.6
Staves         | 1 2 3 4 |  4.6
Slings         | 1 2 3 4 |  4.6
Bows           | 1 2 3 4 |  4.6
Crossbows      | 1 2 3 4 |  4.6
Throwing       | 1 2 3 4 |  4.6
Armour         | 1 2 3 4 |  4.6
Stealth        | 1 2 3 4 |  4.6
Shields        | 1 2 3 4 |  4.6
Evocations     | 1 2 3 4 |  4.6
Conjurations   | 1 2 3 |  3.8
Hexes          | 1 2 3 |  3.8
Charms         | 1 2 3 |  3.8
Summonings     | 1 2 3 |  3.8
Necromancy     | 1 2 3 |  3.8
Translocations | 1 2 3 |  3.8
Fire Magic     | 1 2 3 |  3.8
Ice Magic      | 1 2 3 |  3.8
Air Magic      | 1 2 3 |  3.8
Earth Magic    | 1 2 3 |  3.8
Poison Magic   | 1 2 3 |  3.8
Fighting       | 3 4 5 |  5.4
Transmutations | 4 5 |  5.5
Dodging        | 5 6 |  6.6
Unarmed Combat | 7 8 |  8.1

Action                   |  1- 3 |  4- 6 |  7- 9 || total
-------------------------+-------+-------+-------++-------
Melee: Unarmed           |    76 |   104 |   371 ||   551
       Kick              |     8 |     4 |    17 ||    29
       Bite              |     3 |     3 |     3 ||     9
 Cast: Beastly Appendage |    12 |     6 |    14 ||    32
       Spider Form       |     7 |    14 |    34 ||    55
       Shock             |       |       |    20 ||    20
       Sticks to Snakes  |       |       |     4 ||     4
  Use: Potion            |       |     3 |     1 ||     4
       Scroll            |       |       |    11 ||    11
 Stab: Sleeping          |     1 |     3 |     5 ||     9
  Eat: Chunk             |     2 |     7 |    12 ||    21
       Ration            |       |       |     1 ||     1
Armor: Robe              |    10 |    10 |    12 ||    32
       Skin              |     1 |       |     6 ||     7
Dodge: Dodged            |    50 |    81 |   280 ||   411
